 Dungeon Crawl Stone Soup version 0.17.0-28-g6e173f8 (webtiles) character file.

1182 dorian the Destroyer (level 8, -2/46 HPs)
             Began as an Octopode Conjurer on Dec 1, 2015.
             Was a Follower of Vehumet.
             Slain by an iguana (14 damage)
             ... on level 5 of the Dungeon.
             The game lasted 00:15:25 (6869 turns).

dorian the Destroyer (Octopode Conjurer)            Turns: 6869, Time: 00:15:25

Health: -2/46      AC:  1    Str:  7    XL:     8   Next: 42%
Magic:  13/15      EV: 12    Int: 19    God:    Vehumet [*.....]
Gold:   240        SH:  0    Dex: 13    Spells: 3 memorised, 9 levels left

rFire  . . .     SeeInvis .     D - +3 short sword (venom)
rCold  . . .     Clarity  +     (no shield)
rNeg   . . .     SustAt   .     (helmet restricted)
rPois  .         Gourm    .     e - amulet of clarity
rElec  .         Spirit   .     (no ring)
rCorr  .         Warding  .     (no ring)
rMut   .         Stasis   .     (no ring)
MR     .....                    (no ring)
Stlth  +++.......               (no ring)
                                (no ring)
                                (no ring)
                                (no ring)

@: not resistant to hostile enchantments, fairly stealthy
A: almost no armour, amphibious, 8 rings, constrict 8, camouflage 1, gelatinous
body 1
a: Renounce Religion


You were on level 5 of the Dungeon.
You worshipped Vehumet.
Vehumet was aware of your devotion.
You were not hungry.

You visited 2 branches of the dungeon, and saw 7 of its levels.

You collected 240 gold pieces.

Inventory:

Hand Weapons
 y - a +0 blowgun
 D - a +3 short sword of venom (weapon)
Missiles
 s - 23 poisoned needles
Jewellery
 d - an uncursed amulet of rage {unknown}
 e - an amulet of clarity (around mantle)
Wands
 C - a wand of paralysis (6)
 F - a wand of fireball (12)
Scrolls
 f - a scroll of amnesia
 k - a scroll of teleportation {unknown}
 n - a scroll of magic mapping {unknown}
 o - a scroll of fear
 p - a scroll of blinking {unknown}
 q - a scroll of recharging
 r - a scroll of remove curse
 t - a scroll of fog
Potions
 l - a potion of magic
 m - a potion of brilliance {unknown}
 u - a potion of agility {unknown}
 w - 2 potions of poison {unknown}
 x - a potion of mutation {unknown}
 z - a potion of ambrosia {unknown}
 A - a potion of flight {unknown}
 E - a potion of cure mutation {unknown}
Books
 a - a book of Conjurations

   Spells                             Type                      Level
   a - Magic Dart                     Conjuration                  1
   b - Searing Ray                    Conjuration                  2
   c - Dazzling Spray                 Conjuration/Hexes            3
   d - Fulminant Prism                Conjuration/Hexes            4
   e - Iskenderun's Mystic Blast      Conjuration                  4
   f - Iskenderun's Battlesphere      Conjuration/Charms           5
 h - a book of Frost

   Spells                             Type                      Level
   a - Freeze                         Ice                          1
   b - Throw Frost                    Conjuration/Ice              2
   c - Ozocubu's Armour               Charms/Ice                   3
   d - Throw Icicle                   Conjuration/Ice              4
   e - Summon Ice Beast               Ice/Summoning                4
   f - Condensation Shield            Ice                          4
Comestibles
 b - 4 bread rations
 g - 10 fruits
 i - 4 meat rations
 j - 3 beef jerkies
 v - 4 chunks of flesh


   Skills:
 - Level 2.0 Dodging
 - Level 2.6 Stealth
 - Level 5.1 Spellcasting
 * Level 9.0 Conjurations
 + Level 1.7 Charms


You had 9 spell levels left.
You knew the following spells:

 Your Spells              Type           Power        Failure   Level  Hunger
a - Magic Dart            Conj           ####         1%          1    None
b - Searing Ray           Conj           #####.       1%          2    #......
c - Iskenderun's Battles  Conj/Chrm      ####....     38%         5    ######.


Dungeon Overview and Level Annotations

Branches:
Dungeon (6/15)             Temple (1/1) D:4

Altars:
Ashenzari
Fedhas
Gozag
Kikubaaqudgha
Makhleb
Ru
Sif Muna
Trog
Vehumet
Xom
Yredelemnul
Zin

Shops:
D:4 [


Innate Abilities, Weirdness & Mutations

You cannot wear most types of armour.
You are amphibious.
You can wear up to eight rings at the same time.
You can use your tentacles to constrict eight enemies at once.
Your skin changes colour to match your surroundings (Stealth).
Your rubbery body absorbs attacks (AC +1).


Message History

The orc priest invokes the aid of Beogh against you.
Something smites you!
There is a stone staircase leading up here.
The iguana bites you!
* * * LOW HITPOINT WARNING * * *
The adder zombie bites you.
* * * LOW HITPOINT WARNING * * *
You climb upwards.
There is a stone staircase leading down here.
Unknown command.
Drink which item? (? for menu, Esc to quit)
You feel much better. The iguana bites you!
* * * LOW HITPOINT WARNING * * *
Casting: Searing Ray
Confirm with . or Enter, or press ? or * to list all spells.
Aiming: Searing Ray
Press: ? - help, Shift-Dir - straight line, f - iguana
Aim: an iguana The searing ray misses the iguana.
The iguana bites you!
You die...

#...##...#...# #.#
#....# ###
###..###.....### #.#
##..## #
...#..######...###.####
#..## # ...##.#
#....##.##.####..## #
...##.#
##...##......###..# #
...##.#
##..##.........#.#
...##.#
##..#.##.####...##
...##.# ##...##.#
##...### ...##.######
#[@.....# ###.)).
...........## #l##.####
####.
...##..###..###.##.# #(
...##...###..##.##.# #.
####.....###.##.##.#
##(
###.......##....##.##
##..
...............##...###
##..(
##.........###........#
#.... ###........#
##.......# #....


You could see an iguana.

Vanquished Creatures
  2 ice beasts
  A phantom (D:5)
  An ogre (D:6)
  A centaur (D:5)
  A water moccasin skeleton (D:6)
  4 crimson imps (D:5)
  2 hounds (D:5)
  3 orc wizards
  A centaur skeleton (D:4)
  An orc priest (D:3)
  An iguana (D:4)
  4 worker ants
  5 gnolls
  A shadow imp (D:4)
  9 adders
  An ooze (D:2)
  An adder skeleton (D:4)
  An adder zombie (D:5)
  4 worms
  A giant gecko (D:2)
  19 orcs
  4 giant cockroaches
  7 hobgoblins
  12 jackals
  5 kobolds
  2 quokkas
  A ball python (D:4)
  6 bats
  A giant gecko skeleton (D:4)
  2 giant newts
  10 goblins
  9 rats
123 creatures vanquished.

Notes
Turn   | Place    | Note
--------------------------------------------------------------
     0 | D:1      | dorian the Octopode Conjurer began the quest for the Orb.
     0 | D:1      | Reached XP level 1. HP: 11/11 MP: 3/3
   313 | D:1      | Reached XP level 2. HP: 17/17 MP: 3/5
   650 | D:1      | Reached XP level 3. HP: 21/21 MP: 2/6
   984 | D:2      | Learned a level 2 spell: Searing Ray
  1113 | D:2      | Reached skill level 5 in Conjurations
  1113 | D:2      | Reached XP level 4. HP: 23/27 MP: 0/8
  1308 | D:2      | Found a bloodstained altar of Trog.
  1697 | D:2      | Found a shattered altar of Ashenzari.
  1956 | D:3      | Reached XP level 5. HP: 31/31 MP: 4/9
  2376 | D:3      | Reached skill level 6 in Conjurations
  3196 | D:4      | Reached XP level 6. HP: 36/36 MP: 6/11
  3301 | D:4      | Found a staircase to the Ecumenical Temple.
  3304 | D:4      | Found a sacrificial altar of Ru.
  3308 | Temple   | Entered the Ecumenical Temple
  3316 | Temple   | Became a worshipper of Vehumet
  3799 | D:5      | Entered Level 5 of the Dungeon
  3816 | D:4      | You fall through a shaft!
  4655 | D:4      | Found Fenelav's Antique Armour Boutique.
  5191 | D:5      | Reached * piety under Vehumet
  5191 | D:5      | Offered knowledge of Sting by Vehumet.
  5197 | D:5      | Reached skill level 7 in Conjurations
  5197 | D:5      | Reached XP level 7. HP: 33/41 MP: 3/13
  5910 | D:5      | Reached skill level 5 in Spellcasting
  5910 | D:5      | Reached skill level 8 in Conjurations
  5919 | D:5      | Reached XP level 8. HP: 23/46 MP: 7/15
  5974 | D:5      | HP: 2/46 [something (9)]
  6138 | D:4      | Learned a level 5 spell: Iskenderun's Battlesphere
  6570 | D:5      | Found a sacrificial altar of Ru.
  6615 | D:6      | Reached skill level 1 in Charms
  6768 | D:6      | Reached skill level 9 in Conjurations
  6869 | D:5      | Slain by an iguana

Action                   |  1- 3 |  4- 6 |  7- 9 || total
-------------------------+-------+-------+-------++-------
Melee: Unarmed           |    29 |     7 |       ||    36
       Mace              |       |    25 |       ||    25
       Short sword       |       |     6 |    19 ||    25
 Cast: Magic Dart        |    55 |   147 |    51 ||   253
       Searing Ray       |       |    12 |    12 ||    24
Evoke: Wand              |       |       |     3 ||     3
  Use: Scroll            |       |    10 |       ||    10
       Potion            |       |     1 |     3 ||     4
 Stab: Paralysed         |       |       |     4 ||     4
  Eat: Chunk             |     1 |    12 |     4 ||    17
       Royal jelly       |       |       |     1 ||     1
